 Dungeon Crawl Stone Soup version 0.21.0-3-g78d12a8 (webtiles) character file.

34438 Suckerboh the Basher (level 13, 0/82 HPs)
             Began as a Gargoyle Gladiator on Jan 11, 2018.
             Was the Champion of Zin.
             Slain by a shock serpent (4 damage)
             ... on level 1 of the Snake Pit.
             The game lasted 00:41:11 (21453 turns).

Suckerboh the Basher (Gargoyle Gladiator)          Turns: 21453, Time: 00:41:14

Health: 0/82       AC: 34    Str: 24    XL:     13   Next: 77%
Magic:  12/13      EV: 13    Int: 10    God:    Zin [******]
Gold:   996        SH: 14    Dex: 21    Spells: 12/12 levels left

rFire    . . .     SeeInvis .   a - +2 mace (protect)
rCold    . . .     Gourm    .   x - +0 shield
rNeg     + . .     Faith    .   L - +8 chain mail "Egenaj" {Str+4}
rPois    ∞         Spirit   .   c - +0 helmet
rElec    +         Reflect  .   K - +0 cloak
rCorr    .         Harm     .   J - +0 pair of gloves
MR       +....                  t - +0 pair of boots
Stlth    ..........             (no amulet)
HPRegen  0.23/turn              l - +5 ring of dexterity
MPRegen  0.13/turn              y - ring of protection from magic

@: vitalised
A: negative energy resistance 1, electricity resistance, unbreathing,
petrification resistance, rot immunity, AC +9
a: Recite, Vitalisation, Imprison, Sanctuary, Donate Gold, Renounce Religion


You were on level 1 of the Snake Pit.
You worshipped Zin.
Zin was exalted by your worship.
You were not hungry.

You visited 5 branches of the dungeon, and saw 21 of its levels.

You collected 1984 gold pieces.
You spent 838 gold pieces at shops.
You donated 150 gold pieces to Zin.

Inventory:

Hand Weapons
 a - a +2 mace of protection (weapon)
 M - a +2 morningstar of flaming
 U - a +0 blowgun
Missiles
 d - a throwing net (quivered)
 w - 6 curare-tipped needles
Armour
 c - a +0 helmet (worn)
 t - a +0 pair of boots (worn)
 x - a +0 shield (worn)
 H - the cursed +0 ring mail of Analysis {rPois, unknown}
   (You found it on level 6 of the Lair of Beasts)

   It protects you from poison.
   It has a curse placed upon it.
 J - a +0 pair of gloves (worn)
 K - a +0 cloak (worn)
 L - the +8 chain mail "Egenaj" (worn) {Str+4}
   (You bought it in a shop on level 12 of the Dungeon)

   It affects your strength (+4).
Jewellery
 l - a +5 ring of dexterity (left hand)
 y - a ring of protection from magic (right hand)
 D - an uncursed ring of fire {unknown}
 F - an uncursed ring of fire {unknown}
 O - a +1 ring of evasion {unknown}
 V - a +5 ring of intelligence {unknown}
 Y - an uncursed ring of poison resistance {unknown}
Wands
 G - a wand of acid (11)
 T - a wand of digging (14)
Scrolls
 e - 27 scrolls of identify {unknown}
 g - 7 scrolls of remove curse
 h - 3 scrolls of blinking {unknown}
 i - 4 scrolls of fog {unknown}
 j - 4 scrolls of enchant weapon {unknown}
 n - a scroll of random uselessness {unknown}
 q - 6 scrolls of magic mapping
 u - a scroll of noise {unknown}
 z - 2 scrolls of fear {unknown}
 B - 7 scrolls of teleportation {unknown}
 E - 3 scrolls of immolation {unknown}
 I - a scroll of enchant armour {unknown}
 N - a scroll of silence {unknown}
 R - a scroll of torment {unknown}
 S - 3 scrolls of amnesia {unknown}
 W - a scroll of vulnerability {unknown}
 X - a scroll of acquirement {unknown}
Potions
 b - a potion of mutation {unknown}
 k - a potion of cancellation {unknown}
 m - 4 potions of flight {unknown}
 o - 7 potions of heal wounds {unknown}
 p - 7 potions of degeneration
 r - a potion of haste {unknown}
 s - 4 potions of brilliance {unknown}
 v - 5 potions of curing
 A - 2 potions of magic {unknown}
 C - 2 potions of lignification {unknown}
 Q - a potion of agility {unknown}
 Z - a potion of invisibility {unknown}
Miscellaneous
 P - a phantom mirror
Comestibles
 f - 41 rations


   Skills:
 + Level 10.0 Fighting
 - Level 14.0 Maces & Flails
 - Level 1.7 Throwing
 * Level 8.4 Armour
 + Level 8.0 Dodging
 + Level 12.2 Shields


You had 12 spell levels left.
You didn't know any spells.

Dungeon Overview and Level Annotations

Branches:
Dungeon (12/15)            Temple (1/1) D:5            Lair (6/6) D:9
 Shoals (0/4) Lair:4        Snake (1/4) Lair:4        Slime (0/5) Lair:6
    Orc (1/2) D:12

Altars:
Ashenzari
Cheibriados
Dithmenos
Elyvilon
Gozag
Hepliaklqana
Makhleb
Okawaru
Sif Muna
Uskayaw
Wu Jian
Xom
Zin
The Shining One
Jiyva

Shops:
D:6 }   D:12 [   Orc:1 }

Annotations:
D:6 kegs's ghost, novice HOFi
D:10 plantmann's ghost, journeyman GrFi
Lair:5 exclusion: 4 oklob plants


Innate Abilities, Weirdness & Mutations

You are resistant to torment.
Your stone body is resilient. (AC +9)
You are immune to poison.
You resist negative energy. (rN+)
You are resistant to electric shocks. (rElec)
You can survive without breathing.
You are immune to petrification.
You are immune to rotting.


Message History

It was a potion of curing.
You feel better. The black mamba bites you!
* * * LOW HITPOINT WARNING * * *
You block the shock serpent's attack. You block the black mamba's attack.
You block the salamander's attack.
You feel better. You block the black mamba's attack.
The shock serpent closely misses you.
The black mamba bites you but does no damage.
The shock serpent bites you but does no damage.
You block the salamander's attack.
As you read the scroll labeled ROINES QIKH, it crumbles to dust.
You feel blessed for a moment.
It was a scroll of remove curse.
The black mamba closely misses you. The shock serpent misses you.
The black mamba misses you. You block the salamander's attack.
As you read the scroll labeled YLYRGH ARAGGEXYBOX, it crumbles to dust.
You feel aware of your surroundings.
You sensed 1 shop/portal.
It was a scroll of magic mapping.
The shock serpent closely misses you. You block the black mamba's attack.
The shock serpent bites you!
* * * LOW HITPOINT WARNING * * *
The shock serpent shocks you. You resist.
You die...

..#.## *,,* *,, ##...# *,,***
*,, ...<## ###***,,****,,
##..##### ##** ##.# **,,*#..,
..##.#..## #.,* #..# ***,...,
#.####...# #.** ##..## *.S#*,
#..# #..## #.* #.##.##
*#.#*** #..#
#..#####.####N.#..##*#.#*
#..#####......#S@S#.#...##..#
....#...######.#...........#*
........# ##.####...####.##
##......####..# #..## ##.# *
##......#...## ##.#
***,.#***** **#..........#
*#.#**,,,..,,,*,
#...#......>.#
*,..,,***..#*,,,
.######......# **,#..**
*.##***, ,* #......# **,,*,,*
**.# *,


You could see a salamander, a shock serpent and a black mamba.

Vanquished Creatures
  5 hydras
  Erolcha (D:12)
  A tengu warrior (D:11)
  Erica (D:8)
  Sonja (Lair:4)
  An unseen horror (D:10)
  A deep elf mage (D:12)
  2 manticores
  3 black mambas
  5 elephants
  2 centaur skeletons
  5 spiny frogs
  A rime drake (Lair:3)
  5 komodo dragons
  Grinder (D:6)
  4 polar bears
  A snapping turtle (Lair:4)
  17 blink frogs
  3 hippogriffs
  4 dream sheep (Lair:5)
  21 yaks
  A naga (Lair:4)
  A soldier ant (D:12)
  A warg (Orc:1)
  9 water moccasins
  5 porcupines
  An ice beast (D:7)
  8 orc warriors
  3 sky beasts
  A hornet zombie (D:9)
  5 necrophages
  5 black bears
  7 phantoms
  6 ogres
  2 wolves (Lair:6)
  3 centaurs
  15 crocodiles
  15 bullfrogs
  A water moccasin zombie (D:8)
  2 wyvern skeletons (D:10)
  4 scorpions
  25 wights
  14 killer bees
  A howler monkey (D:11)
  2 electric eels
  7 crimson imps
  4 bullfrog zombies
  4 centaur zombies
  7 hounds
  4 orc priests
  3 jellies
  2 quasits
  3 bullfrog skeletons
  5 iguanas
  8 orc wizards
  11 worker ants
  4 mummies (D:10)
  2 hound skeletons
  A hound zombie (D:10)
  5 worker ant zombies
  2 howler monkey zombies (D:10)
  4 gnolls (D:7)
  15 adders
  4 river rats (Lair:5)
  An ooze (D:6)
  An adder zombie (D:6)
  2 adder skeletons
  2 worms (D:2)
  2 dart slugs
  2 leopard geckos
  44 orcs
  8 giant cockroaches
  6 goblins
  3 hobgoblins
  21 jackals
  5 kobolds
  3 quokkas
  A ball python (D:2)
  9 bats
  4 frilled lizards
  3 hobgoblin zombies (D:7)
  A leopard gecko zombie (D:7)
  3 orc skeletons (D:7)
  An orc zombie (D:7)
  2 quokka skeletons
  3 rats
  A plant (Lair:5)
445 creatures vanquished.

Vanquished Creatures (others)
  7 fungi
  2 plants (Lair:3)
9 creatures vanquished.

Grand Total: 454 creatures vanquished

Notes
Turn   | Place    | Note
-------+----------+-------------------------------------------
     0 | D:1      | Suckerboh the Gargoyle Gladiator began the quest for the Orb.
     0 | D:1      | Reached XP level 1. HP: 12/12 MP: 1/1
   161 | D:1      | Reached XP level 2. HP: 14/18 MP: 2/2
   841 | D:2      | Reached XP level 3. HP: 21/22 MP: 3/3
  1011 | D:2      | Reached skill level 4 in Maces & Flails
  1011 | D:2      | Reached skill level 1 in Armour
  1283 | D:2      | Reached XP level 4. HP: 27/27 MP: 4/4
  1734 | D:3      | Noticed a phantom
  1778 | D:3      | Killed a phantom
  1778 | D:3      | Reached skill level 5 in Maces & Flails
  1778 | D:3      | Reached XP level 5. HP: 27/32 MP: 5/5
  2027 | D:3      | Reached XP level 6. HP: 37/37 MP: 6/6
  2111 | D:3      | Found a deep blue altar of Sif Muna.
  2617 | D:3      | Noticed a black bear
  2636 | D:3      | Killed a black bear
  2948 | D:4      | Reached skill level 6 in Maces & Flails
  2965 | D:4      | Reached XP level 7. HP: 37/41 MP: 7/7
  3020 | D:4      | Reached skill level 1 in Shields
  3036 | D:4      | Found a white marble altar of Elyvilon.
  3191 | D:4      | Reached skill level 7 in Maces & Flails
  3340 | D:4      | Reached XP level 8. HP: 19/48 MP: 8/8
  3933 | D:5      | Entered Level 5 of the Dungeon
  4008 | D:5      | Reached skill level 8 in Maces & Flails
  4306 | D:5      | Found a staircase to the Ecumenical Temple.
  4317 | Temple   | Entered the Ecumenical Temple
  4379 | Temple   | Became a worshipper of Zin the Law-Giver
  4379 | Temple   | Reached * piety under Zin
  4636 | D:5      | Reached ** piety under Zin
  4847 | D:5      | Reached skill level 9 in Maces & Flails
  5043 | D:6      | Reached XP level 9. HP: 30/52 MP: 9/9
  5190 | D:6      | Reached *** piety under Zin
  5397 | D:6      | Noticed kegs's ghost (novice HOFi)
  5892 | D:6      | Noticed Grinder
  5942 | D:6      | Killed Grinder
  5942 | D:6      | Reached skill level 10 in Maces & Flails
  6020 | D:6      | Found Ruinlye's Gadget Emporium.
  6699 | D:7      | Found a snail-covered altar of Cheibriados.
  6720 | D:7      | Reached skill level 5 in Shields
  6745 | D:7      | Reached skill level 5 in Fighting
  6759 | D:7      | Found an opulent altar of Gozag.
  6802 | D:7      | Found a glowing golden altar of the Shining One.
  6909 | D:7      | Reached **** piety under Zin
  7096 | D:8      | Noticed Erica
  7113 | D:8      | Killed Erica
  7113 | D:8      | Reached skill level 11 in Maces & Flails
  7113 | D:8      | Reached XP level 10. HP: 51/59 MP: 10/10
  7172 | D:8      | Reached ***** piety under Zin
  7957 | D:9      | Reached skill level 12 in Maces & Flails
  7993 | D:9      | Reached skill level 5 in Dodging
  8692 | D:9      | Found a staircase to the Lair.
  8826 | D:10     | Entered Level 10 of the Dungeon
  9132 | D:10     | Reached XP level 11. HP: 60/64 MP: 11/11
  9406 | D:10     | Noticed plantmann's ghost (journeyman GrFi)
  9689 | D:10     | Reached ****** piety under Zin
 10053 | D:10     | Killed an unseen horror
 10053 | D:10     | Reached skill level 13 in Maces & Flails
 10765 | D:11     | Noticed a tengu warrior
 10799 | D:11     | Killed a tengu warrior
 10992 | D:11     | Noticed Erolcha
 11116 | Lair:1   | Entered Level 1 of the Lair of Beasts
 11408 | Lair:1   | Reached skill level 5 in Armour
 12014 | Lair:2   | Reached XP level 12. HP: 65/72 MP: 12/12
 12498 | Lair:2   | Noticed a six-headed hydra
 12540 | Lair:1   | Reached skill level 14 in Maces & Flails
 13110 | Lair:2   | Killed a six-headed hydra
 14626 | Lair:3   | Reached skill level 10 in Shields
 15738 | Lair:4   | Found a staircase to the Snake Pit.
 15842 | Lair:4   | Noticed a six-headed hydra
 15862 | Lair:4   | Killed a six-headed hydra
 15862 | Lair:4   | Reached XP level 13. HP: 49/80 MP: 13/13
 16091 | Lair:4   | Noticed Sonja
 16124 | Lair:4   | Killed Sonja
 16222 | Lair:4   | Found a staircase to the Shoals.
 18148 | Lair:6   | Entered Level 6 of the Lair of Beasts
 18159 | Lair:6   | Found a viscous altar of Jiyva.
 18159 | Lair:6   | Found a staircase to the Slime Pits.
 18211 | Lair:6   | Got a faintly glowing ring mail
 19902 | D:12     | Found Zeskoado's Armour Boutique.
 19903 | D:12     | Found a staircase to the Orcish Mines.
 19970 | D:12     | Bought the +8 chain mail "Egenaj" {Str+4} for 838 gold pieces
 20343 | D:12     | Killed Erolcha
 20530 | D:12     | Reached skill level 10 in Fighting
 20902 | Orc:1    | Entered Level 1 of the Orcish Mines
 20927 | Orc:1    | Found Tounoodo's Gadget Emporium.
 21072 | Orc:1    | Noticed a stone giant
 21377 | Snake:1  | Entered Level 1 of the Snake Pit
 21448 | Snake:1  | HP: 1/82 [shock serpent/bolt of electricity (6)]
 21453 | Snake:1  | HP: 4/82 [shock serpent (8)]
 21453 | Snake:1  | Slain by a shock serpent

Skill      XL: |  1  2  3  4  5  6  7  8  9 10 11 12 13 |
---------------+----------------------------------------+-----
Maces & Flails | 4 5 6 7 9 11 12 13 14 | 14.0
Armour         | 1 2 3 4 5 6 8 |  8.4
Fighting       | 3 4 5 6 7 8 10 | 10.0
Dodging        | 3 4 5 7 8 |  8.0
Shields        | 2 4 5 7 8 10 12 | 12.2
Throwing       | |  1.7

Action                   |  1- 3 |  4- 6 |  7- 9 | 10-12 | 13-15 || total
-------------------------+-------+-------+-------+-------+-------++-------
Melee: Flail             |   129 |    82 |       |       |       ||   211
       Mace              |       |    60 |   646 |  1652 |   706 ||  3064
Throw: Throwing net      |       |       |       |     3 |       ||     3
Invok: Vitalisation      |       |       |       |       |     1 ||     1
Evoke: Wand              |       |       |       |       |     2 ||     2
  Use: Potion            |       |       |       |       |     3 ||     3
       Scroll            |       |       |       |       |     2 ||     2
 Stab: Distracted        |     1 |       |       |       |       ||     1
       Sleeping          |       |     2 |       |       |       ||     2
       Held in net/web   |       |       |       |     2 |       ||     2
  Eat: Chunk             |     1 |     6 |     7 |    24 |     9 ||    47
       Ration            |       |       |     2 |     2 |     3 ||     7
Armor: Leather armour    |    65 |    72 |   147 |       |       ||   284
       Scale mail        |       |       |   123 |    27 |       ||   150
       Ring mail         |       |       |       |   458 |   169 ||   627
       Chain mail        |       |       |       |       |    51 ||    51
Dodge: Dodged            |   121 |    73 |   250 |   599 |   260 ||  1303
Block: Shield            |       |    21 |   324 |   741 |   353 ||  1439
